r e k t, neutral male scurrid Tourist --------- ----....@..| |......@@..| -..........| |..........| ----.......| --------- r e k t the Rambler Experience level: 1 Strength: 11 Dexterity: 14 Constitution: 14 Intelligence: 14 Wisdom: 8 Charisma: 14 Health: 0(9) Energy: 2(2) Def: 0 Gold: 81 Moves: 38 Dungeon seed: RtjYeeQZBbn8o4k4 Game ID: r e k t_1498625578 Your Inventory: Coins $ - 81 gold pieces Weapons a - 47 uncursed +2 darts (in quiver) Armor e - an uncursed +0 Hawaiian shirt (being worn) Comestibles b - 3 uncursed eggs c - an uncursed red dragon egg d - 4 uncursed food rations f - 2 uncursed chestnuts g - an uncursed cram ration h - an uncursed candy bar Scrolls k - 3 uncursed scrolls of magic mapping l - a blessed scroll of magic mapping Potions i - a blessed potion of extra healing j - an uncursed potion of extra healing Wands o - an uncursed wand of secret door detection (0:12) Tools m - an uncursed expensive camera (0:60) n - an uncursed credit card p - an uncursed towel Spells and supernatural/magical abilities: Name Level Category Fail Memory W - pray for help -- divine ? -- Your skills at the end: Miscellaneous Skills wands [Basic] Weapon Skills dart [Basic] Spellcasting Skills Final Attributes: You were devoutly aligned. You had infravision. You were very stealthy. You are dead. Vanquished creatures: a yeti Voluntary challenges: You went without food. You did not adorn yourself with jewelry or accessories. You did not cause conflict. You were not invisible. You did not have reflection. You were not displaced. You were an atheist. You never hit with a wielded weapon. You were a pacifist. You did not use tools. You did not use plumbed fixtures. You did not drink any magical draughts. You were illiterate. You never genocided any monsters. You never polymorphed an object. You never changed form. You used no wishes. You never split a pudding. You never wrote Elbereth's name. You never violated your personal moral code. Dungeon overview: The Dungeons of Doom: levels 1 to 16 Level 1 a sink a long staircase Level 2 a fountain Level 3 Level 4 Level 5 Level 6 a fountain Level 7 Level 8 Level 9 Level 10 Level 11 Level 12 Level 13 Level 14 Level 15 Level 16 <- You were here History has recorded: On T:1 you entered the Dungeons of Doom to retrieve the Amulet of Yendor! On T:4 you reached level 2 of The Dungeons of Doom. On T:6 you reached level 3 of The Dungeons of Doom. On T:8 you reached level 4 of The Dungeons of Doom. On T:10 you reached level 5 of The Dungeons of Doom. On T:13 you reached level 6 of The Dungeons of Doom. On T:15 you reached level 7 of The Dungeons of Doom. On T:17 you reached level 8 of The Dungeons of Doom. On T:19 you reached level 9 of The Dungeons of Doom. On T:22 you reached level 10 of The Dungeons of Doom. On T:25 you reached level 11 of The Dungeons of Doom. On T:28 you reached level 12 of The Dungeons of Doom. On T:30 you reached level 13 of The Dungeons of Doom. On T:32 you reached level 14 of The Dungeons of Doom. On T:34 you reached level 15 of The Dungeons of Doom. On T:37 you reached level 16 of The Dungeons of Doom. Score breakdown: Gold: 0 ( 0 points) Experience: 1 level ( 0 points) Exploration: 16 levels ( 450 points) Discoveries: 0 items ( 0 points) Variety of kills: 1 monster ( 50 points) Major goal: (nothing yet) ( 0 points) Survival: died (score multiplied by 3) Total score: 1500 Latest messages: Suddenly, the rust monster disappears out of sight. You continue digging downward. You dig a pit in the floor. The soldier wields a short sword! The soldier wields a knife! You continue digging downward. You dig a hole through the floor. You fall through... You receive a faint telepathic message from Twoflower: Your help is urgently needed at Ankh-Morpork! Look for a ...ic transporter. You couldn't quite make out that last message. The soldier thrusts her short sword at you. The soldier stabs you! The soldier thrusts her knife at you. The soldier hacks you! You start digging downward. You continue digging downward. You dig a pit in the floor. The soldier thrusts her short sword at you. The soldier stabs you! You die... Final status: Aloha r e k t the Tourist, killed by a soldier... You died in The Dungeons of Doom on dungeon level 16 with 1500 points, and 81 pieces of gold, after 38 moves. You were level 1 with a maximum of 9 hit points when you died.